 Dungeon Crawl Stone Soup version 0.28.0-53-g5a82cb258f (webtiles) character file.

Game seed: 16257735603378010048

68 Stomo the Twirler (level 4, 0/27 (38) HPs)
             Began as a Draconian Gladiator on June 30, 2022.
             Slain by Terence
             ... wielding the +7 Throatcutter {drain, coup de grace}
              (5 damage)
             ... on level 2 of the Dungeon.
             The game lasted 00:02:07 (2247 turns).

Stomo the Twirler (Draconian Gladiator)             Turns: 2247, Time: 00:02:07

HP:   0/27 (38)     AC:  6    Str: 17 (19) XL:     4   Next: 1%
MP:   4/4           EV: 12    Int:  6 (8)  God:
Gold: 52            SH:  0    Dex: 10 (12) Spells: 3/3 levels left

rFire   + . .      SeeInvis .   a - +0 quarterstaff
rCold   . . .      Faith    .   (shield currently unavailable)
rNeg    . . .      Spirit   .   (armour unavailable)
rPois   .          Reflect  .   b - +0 hat
rElec   .          Harm     .   (no cloak)
rCorr   .          Rampage  .   h - +0 pair of gloves
Will    .....                   (no boots)
Stlth   +.........              (no amulet)
HPRegen 0.09/turn               e - ring of protection from fire
MPRegen 0.09/turn               (no ring)

@: very heavily drained
A: AC +5, unfitting armour, cold-blooded
a: no special abilities


You were on level 2 of the Dungeon.
You visited 1 branch of the dungeon, and saw 2 of its levels.

You collected 52 gold pieces.

Inventory:

Hand Weapons
 a - a +0 quarterstaff (weapon)
Missiles
 c - 2 throwing nets (quivered)
Armour
 b - a +0 hat (worn)
 h - a +0 pair of gloves (worn)
Jewellery
 e - a ring of protection from fire (left hand)
Potions
 d - a potion of brilliance


   Skills:
 + Level 3.2 Fighting
 + Level 3.7 Staves
 - Level 1.7 Throwing
 + Level 3.3 Dodging


You had 3 spell levels left.
You didn't know any spells.
Your spell library contained the following spells:

 Spells                   Type           Power      Damage    Failure   Level
 Dazzling Flash           Conj/Hex       0%         N/A       83%         3
 Gell's Gravitas          Tloc           0%         N/A       83%         3
 Lesser Beckoning         Tloc           0%         N/A       83%         3
 Teleport Other           Tloc           0%         N/A       83%         3
 Iskenderun's Mystic Bla  Conj/Tloc      0%         2d3       99%         4
 Starburst                Conj/Fire      0%         6d3       100%        6


Dungeon Overview and Level Annotations

Branches:
Dungeon (2/15)

Altars:
Ashenzari

Annotations:
D:2 Terence


Innate Abilities, Weirdness & Mutations

Your plain brown scales are hard. (AC +5)
You cannot fit into any form of body armour.
You are cold-blooded and may be slowed by cold attacks.


Message History

Terence is heavily wounded.
Terence hits you with the +7 Throatcutter {drain, coup de grace}.
* * * LOW HITPOINT WARNING * * *
You feel drained.
Unknown command.
You barely miss Terence.
Your tail-slap misses Terence.
Terence is heavily wounded.
Terence hits you with the +7 Throatcutter {drain, coup de grace}.
* * * LOW HITPOINT WARNING * * *
You feel drained.
* * * LOW HITPOINT WARNING * * *
Unknown command.
Sorry, you're not good enough to have a special ability.
Unknown command.
You aren't carrying any scrolls.
Okay, then.
Throw: 3 throwing nets
Press: ? - help, Q - select action Shift-Dir - straight line, f - Terence
Aim: Terence, wielding the +7 Throatcutter {drain, coup de grace} and wearing a +0 chain mail (heavily wounded, 64% to hit)
You throw a throwing net. The throwing net hits Terence.
Terence is caught in the net!
Terence is heavily wounded.
Terence struggles against the net.
You catch the helpless Terence completely off-guard!
You hit Terence.
You tail-slap Terence, but do no damage.
Terence is heavily wounded.
Terence struggles against the net.
You hit Terence but do no damage.
Terence is heavily wounded.
Terence struggles against the net.
You hit Terence.
Terence is severely wounded.
Terence struggles against the net.
You hit Terence but do no damage.
Terence is severely wounded.
Terence struggles against the net.
The net rips apart, and Terence comes free!
Terence hits you with the +7 Throatcutter {drain, coup de grace}.
You die...

........'>..†...........
##......#.####.#....#####.
##......#.# #............
......###.####......#####
......# #.........#####
.(....# ######....#...
####### #.##.#.###
#.##.....# #.@@.###.#
#.#..# #.)..# ####.# #.#
#.# #.##########
####..........#
#...#########.#


You could see Terence.

Vanquished Creatures
  3 adders (D:2)
  A dart slug (D:1)
  8 bats (D:1)
  6 endoplasms
  A giant cockroach (D:1)
  A goblin (D:1)
  6 hobgoblins
  6 kobolds
  A quokka (D:1)
  A ball python (D:1)
  A frilled lizard (D:1)
  A rat (D:1)
36 creatures vanquished.

Notes
Turn   | Place    | Note
-------+----------+-------------------------------------------
     0 | D:1      | Stomo the Draconian Gladiator began the quest for the Orb.
     0 | D:1      | Reached XP level 1. HP: 17/17 MP: 1/1
   122 | D:1      | Reached XP level 2. HP: 22/25 MP: 2/2
  1089 | D:1      | Found a faded altar of an unknown god.
  1099 | D:1      | Reached XP level 3. HP: 30/30 MP: 3/3
  2100 | D:2      | Found a broken altar of Ashenzari.
  2207 | D:2      | Noticed Terence
  2211 | D:2      | Reached XP level 4. HP: 35/38 MP: 4/4
  2247 | D:2      | Slain by Terence

Illustrated notes

Levels and vault maps discovered:
D:1:      dpeg_arrival_line_fractal, layout_basic, basic_ecumenical_altar,
          serial_co_window_serial, co_window_paths_a, co_window_corner_a,
          co_window_corner_a, co_window_paths_a, co_window_corner_a,
          co_window_broadway_c, co_window_paths_c, co_window_cross_3,
          co_window_4corner_b, co_window_paths_d, glass_columns_a, st_stairs_11
D:2:      layout_basic, basic_altar, uniq_terence, uniq_robin

Skill      XL: |  1  2  3 |
---------------+----------+-----
Dodging        | 3 |  3.3
Fighting       | 3 |  3.2
Staves         | |  3.7
Throwing       | |  1.7

Action                   |  1- 3 |  4- 6 || total
-------------------------+-------+-------++-------
Melee: Quarterstaff      |   116 |    13 ||   129
       Tailslap          |     6 |     3 ||     9
Throw: Throwing net      |       |     1 ||     1
  Use: Potion            |     3 |     2 ||     5
       Scroll            |     1 |       ||     1
 Stab: Sleeping          |     1 |       ||     1
       Held in net/web   |       |     1 ||     1
Armor: Skin              |    55 |     1 ||    56
Dodge: Dodged            |    93 |     5 ||    98
